 Dungeon Crawl Stone Soup version 0.31-a0-232-gb1c03b2570 (webtiles) character file.

Game seed: 18053606865212364187

532 qw the Shooter (level 7, -9/43 HPs)
             Began as a Gargoyle Hexslinger on July 6, 2023.
             Mangled by an orc warrior
             ... wielding a +0 trident
              (16 damage)
             ... on level 4 of the Dungeon.
             The game lasted 00:01:28 (3219 turns).

qw the Shooter (Gargoyle Hexslinger)                Turns: 3219, Time: 00:01:28

Health: -9/43      AC:  7    Str: 12    XL:     7   Next: 24%
Magic:  8/8        EV: 12    Int: 13    God:
Gold:   209        SH:  0    Dex: 14    Spells: 7/8 levels left

rFire   + . .        Y - +5 sling
rCold   . . .        (no shield)
rNeg    + . .        b - +1 robe {Will+}
rPois   inf          (no helmet)
rElec   +            (no cloak)
rCorr   .            (no gloves)
SInv    .            (no boots)
Will    +....        (no amulet)
Stlth   +            a - ring of protection from fire
HPRegen 0.27/turn    (no ring)
MPRegen 0.11/turn

%: no passive effects
@: about to teleport
A: sickness immunity, AC +4, negative energy resistance 1, electricity
resistance, torment resistance 1, petrification resistance
a: no special abilities


You were on level 4 of the Dungeon.
You visited 1 branch of the dungeon, and saw 4 of its levels.

You collected 209 gold pieces.


Innate Abilities, Weirdness & Mutations

You are immune to sickness and miasma.
Your stone body is resilient. (AC +4)
You are immune to poison.
You resist negative energy. (rN+)
You are resistant to electric shocks. (rElec)
You are resistant to unholy torment.
You are immune to petrification.


   Skills:
 - Level 4.3 Fighting
 + Level 6.5 Ranged Weapons
 - Level 1.0 Armour
 - Level 1.5 Dodging
 - Level 1.0 Spellcasting
 - Level 2.6 Hexes


You had 7 spell levels left.
You knew the following spells:

 Your Spells              Type           Power      Damage    Failure   Level
a - Slow                  Hex            28%        N/A       10%         1

Your spell library contained the following spells:

 Spells                   Type           Power      Damage    Failure   Level
 Inner Flame              Hex/Fire       4%         N/A       43%         3
 Portal Projectile        Hex/Tloc       8%         N/A       43%         3
 Cause Fear               Hex            3%         N/A       67%         4

Inventory:

Hand Weapons
 Y - a +5 sling (weapon)
Armour
 b - a +1 robe of willpower (worn)
 d - a +0 ring mail
Jewellery
 a - a ring of protection from fire (left hand)
 k - a ring of fire
Scrolls
 g - 2 scrolls of teleportation
 h - a scroll of enchant armour
 l - a scroll of identify
 r - a scroll of amnesia {unknown}
 s - a scroll of fear {unknown}
Potions
 c - a potion of resistance
 e - a potion of enlightenment
 f - a potion of mutation
 i - a potion of might {unknown}
 j - a potion of curing
 m - a potion of haste {unknown}
 n - 3 potions of attraction {unknown}
 o - 2 potions of magic {unknown}
 q - a potion of heal wounds {unknown}

Dungeon Overview and Level Annotations

Branches:
Dungeon (4/15)
 Temple: D:4-7

Altars:
Cheibriados
Gozag
Hepliaklqana
Sif Muna
Trog
The Shining One

Annotations:
D:4 exclusion: 2 orc warriors


Message History

As you read the scroll of teleportation, it crumbles to dust.
You feel strangely unstable. The orc warrior closely misses you.
Enter note:
Enter note:
Enter note:
Enter note:
Enter note:
Enter note:
There is an empty arch of ancient stone here.
Enter note:
Enter note:
Enter note:
Enter note:
Enter note:
Enter note:
Enter note:
Enter note:
Enter note:
Enter note:
Enter note:
Enter note:
Enter note:
Enter note:
Enter note:
Enter note:
Enter note:
Enter note:
Enter note:
Enter note:
Enter note:
Enter note:
Enter note:
Enter note:
3219 ||| READING scroll labelled ZUROEGUSON.
As you read the scroll labelled ZUROEGUSON, it crumbles to dust.
You hear a loud clanging noise!
It was a scroll of noise.
The orc warrior hits you from afar with a +0 trident!
You die...

#### ...# #...#
##...#
##...#####
##...##._.#
#.o.###.:.#
#...#@#...##
.#+#
#.).###...##+##
...#
#._.##...##...#
#..#
######.).##....#
+..+
#..##...##.....#
#..#
#..#...###.....#
##..#
#..[...........#
#...#
#..(...........#
+...'
#..............#
##..#


You could see an orc warrior.

Vanquished Creatures
  2 kobold brigands (D:3)
  2 jellies (D:4)
  An orc priest (D:4)
  A scorpion zombie (D:3)
  An orc wizard (D:4)
  A hound zombie (D:3)
  2 hound skeletons (D:3)
  3 adders (D:2)
  An ufetubus (D:4)
  An adder zombie (D:3)
  2 adder skeletons (D:3)
  4 worms
  A dart slug (D:3)
  6 orcs (D:4)
  2 endoplasms (D:2)
  4 giant cockroaches
  8 goblins
  10 hobgoblins
  13 jackals
  3 quokkas
  5 ball pythons
  9 bats
  3 frilled lizards
  18 kobolds
  A quokka skeleton (D:3)
  6 rats
110 creatures vanquished.

Notes
Turn   | Place    | Note
-------+----------+-------------------------------------------
     0 | D:1      | qw the Gargoyle Hexslinger began the quest for the Orb.
     0 | D:1      | Reached XP level 1. HP: 12/12 MP: 2/2
     0 | D:1      | 0 ||| qw: Version: 0.3-a-46-gb1f654a
     0 | D:1      | 0 ||| qw: Game counter: 2118
     0 | D:1      | 0 ||| qw: Melee chars always use a shield: true
     0 | D:1      | 0 ||| qw: God list: Okawaru
     0 | D:1      | 0 ||| qw: Allow faded altars: false
     0 | D:1      | 0 ||| qw: Do Orc after clearing Dungeon:15 true
     0 | D:1      | 0 ||| qw: Do second Lair branch before Depths: true
     0 | D:1      | 0 ||| qw: Lair rune preference: random
     0 | D:1      | 0 ||| qw: Goals: Normal
     0 | D:1      | 0 ||| PLANNING D:1-11
   115 | D:1      | Reached XP level 2. HP: 16/16 MP: 3/3
   192 | D:1      | Reached skill level 3 in Ranged Weapons
   361 | D:1      | Reached XP level 3. HP: 19/21 MP: 4/4
   813 | D:1      | 813 ||| UPGRADING to +0 ring mail.
   823 | D:1      | 823 ||| DROPPING +0 robe.
   824 | D:1      | 824 ||| READING scroll labelled UPNEIV ADOENAUS.
   825 | D:1      | 825 ||| READING 2 scrolls labelled IKLOUTYTOT.
   830 | D:1      | 830 ||| READING 2 scrolls labelled GOXADOTS QOLI.
   831 | D:1      | 831 ||| READING scroll labelled SAIBBI ULEO.
   832 | D:1      | 832 ||| READING 3 scrolls labelled WUONAOPROOLL.
   833 | D:1      | 833 ||| READING 2 scrolls of enchant weapon.
   833 | D:1      | 833 ||| ENCHANTING +2 sling.
   834 | D:1      | 834 ||| READING scroll of enchant weapon.
   834 | D:1      | 834 ||| ENCHANTING +3 sling.
   835 | D:1      | 835 ||| READING 2 scrolls labelled WESEARALIP.
   836 | D:1      | 836 ||| DRINKING 2 murky black potions.
   837 | D:1      | 837 ||| DRINKING 2 smoky black potions.
   838 | D:1      | 838 ||| DROPPING scroll of poison.
  1023 | D:2      | Reached XP level 4. HP: 25/26 MP: 5/5
  1091 | D:2      | Reached skill level 4 in Ranged Weapons
  1162 | D:2      | Reached skill level 1 in Armour
  1170 | D:2      | Found a snail-covered altar of Cheibriados.
  1585 | D:2      | 1585 ||| UPGRADING to +1 robe of willpower.
  1595 | D:2      | 1595 ||| READING scroll labelled GIXOPP LU ZAAC.
  1596 | D:2      | 1596 ||| DRINKING 2 murky grey potions.
  1597 | D:2      | 1597 ||| READING 2 scrolls of identify.
  1597 | D:2      | 1597 ||| IDENTIFYING orange potion
  1633 | D:3      | Reached XP level 5. HP: 26/30 MP: 6/6
  1696 | D:3      | Reached skill level 5 in Ranged Weapons
  1979 | D:3      | Reached skill level 3 in Fighting
  2114 | D:3      | Noticed a kobold brigand
  2134 | D:3      | Killed a kobold brigand
  2135 | D:3      | Reached XP level 6. HP: 14/37 MP: 7/7
  2188 | D:3      | Reached skill level 6 in Ranged Weapons
  2429 | D:3      | Found a faded altar of an unknown god.
  2464 | D:3      | Found a hazy altar of Hepliaklqana.
  2539 | D:3      | 2539 ||| UPGRADING to ring of protection from fire.
  2742 | D:4      | 2742 ||| READING scroll of enchant weapon.
  2742 | D:4      | 2742 ||| ENCHANTING +4 sling.
  2860 | D:4      | Found a glowing golden altar of the Shining One.
  3042 | D:4      | Reached XP level 7. HP: 43/43 MP: 8/8
  3109 | D:4      | Found an opulent altar of Gozag.
  3196 | D:4      | Found a shimmering blue altar of Sif Muna.
  3207 | D:4      | Found a bloodstained altar of Trog.
  3216 | D:4      | HP: 6/43 [orc warrior/+0 trident (10)]
  3217 | D:4      | 3217 ||| READING 3 scrolls of teleportation.
  3219 | D:4      | 3219 ||| READING scroll labelled ZUROEGUSON.
  3219 | D:4      | Mangled by an orc warrior

Levels and vault maps discovered:
D:1:      dpeg_arrival_tiny_f, layout_basic
D:2:      minmay_kobold_bridge, layout_loops_ring, basic_altar
D:3:      cheibrodos_thug_alley, layout_loops_cross, lemuel_crystal_altar,
          shapermc_ecumenical_altar_rom_forum, serial_undead, serial_undead_f,
          serial_undead_c, serial_undead_a, serial_undead_e, serial_undead_a,
          serial_park_tiny_1
D:4:      layout_gridville, nzn_overflow_gifts_of_might_and_magic,
          nicolae_tso_swordbearing_angel,
          nicolae_gozag_cash_rules_everything_around_me, kennysheep_nondescript

Skill      XL: |  1  2  3  4  5  6 |
---------------+-------------------+-----
Ranged Weapons | 3 4 5 6 |  6.5
Fighting       | 2 3 4 |  4.3
Armour         | 1 |  1.0
Dodging        | |  1.5
Spellcasting   | |  1.0
Hexes          | |  2.6

Action                     |  1- 3 |  4- 6 |  7- 9 || total
---------------------------+-------+-------+-------++-------
   Fire: Sling             |   120 |   228 |    20 ||   368
    Use: Scroll            |     8 |     3 |     2 ||    13
         Potion            |     2 |     1 |       ||     3
 Armour: Robe              |    24 |    28 |       ||    52
         Ring mail         |     9 |    11 |       ||    20
  Dodge: Dodged            |    55 |    46 |     6 ||   107

Table legend:
 A = Non-vault XP
 B = Vault XP
 C = Vault XP percentage of total XP
 D = Non-vault monster count
 E = Vault monster count
 F = Vault count percentage of total count
                 A         B        C        D         E       F
            +---------+---------+-------+---------+---------+-------
      Total |     401 |     359 |  47.2 |      86 |      24 |  21.8
            +---------+---------+-------+---------+---------+-------
        D:1 |      53 |       0 |   0.0 |      32 |       0 |   0.0
        D:2 |      75 |       6 |   7.4 |      22 |       4 |  15.4
        D:3 |      46 |     318 |  87.4 |      19 |      19 |  50.0
        D:4 |     227 |      35 |  13.4 |      13 |       1 |   7.1
            +---------+---------+-------+---------+---------+-------
